 Dungeon Crawl Stone Soup version 0.20.1-1-g8b1a95d (webtiles) character file.

62 letownia2 the Grave Robber (level 3, 0/28 HPs)
             Began as a Deep Dwarf Necromancer on Dec 15, 2017.
             Slain by a worm (2 damage)
             ... on level 3 of the Dungeon.
             The game lasted 00:04:06 (786 turns).

letownia2 the Grave Robber (Deep Dwarf Necromancer)  Turns: 786, Time: 00:04:07

Health: 0/28       AC:  3    Str: 11    XL:     3   Next: 85%
Magic:  2/6        EV: 12    Int: 16    God:
Gold:   37         SH:  0    Dex: 19    Spells: 2/6 levels left

rFire    . . .     SeeInvis .   e - +0 dagger
rCold    . . .     Gourm    .   (no shield)
rNeg     . . .     Faith    .   k - +0 leather armour
rPois    .         Spirit   .   (no helmet)
rElec    .         Reflect  .   (no cloak)
rCorr    .         Harm     .   (no gloves)
MR       .....                  (no boots)
Stlth    +.........             (no amulet)
Regen    0.0/turn               h - +6 ring of dexterity
MPRegen  0.1/turn               (no ring)

@: non-regenerating, very slow
A: damage resistance, heal wounds, sense surroundings 1, no regeneration
a: Heal Wounds


You were on level 3 of the Dungeon.
You were hungry.

You visited 1 branch of the dungeon, and saw 3 of its levels.

You collected 37 gold pieces.

Inventory:

Hand Weapons
 e - a +0 dagger (weapon)
Missiles
 j - 5 tomahawks (quivered)
 m - 24 bolts
Armour
 a - a +0 robe
 k - a +0 leather armour (worn)
Jewellery
 h - a +6 ring of dexterity (left hand)
Potions
 g - a potion of degeneration
Books
 b - a book of Necromancy

   Spells                             Type                      Level
   a - Pain                           Necromancy                   1
   b - Animate Skeleton               Necromancy                   1
   c - Vampiric Draining              Necromancy                   3
   d - Regeneration                   Charms/Necromancy            3
   e - Animate Dead                   Necromancy                   4
   f - Control Undead                 Necromancy                   4
Comestibles
 c - 3 bread rations
 f - a meat ration


   Skills:
 - Level 2.1 Dodging
 - Level 2.4 Stealth
 - Level 2.4 Spellcasting
 + Level 5.6 Necromancy


You had 2 spell levels left.
You knew the following spells:

 Your Spells              Type           Power        Failure   Level  Hunger
a - Pain                  Necr           ###.         2%          1    #......
v - Vampiric Draining     Necr           ###.......   8%          3    ###....


Dungeon Overview and Level Annotations

Branches:
Dungeon (3/15)

Altars:
Okawaru
Ru
Uskayaw


Innate Abilities, Weirdness & Mutations

You are resistant to damage.
You can heal yourself by infusing magical energy.
You passively map a small area around you.
You do not regenerate.


Message History

Okay, then.
As you read the scroll labeled JEVARRO FYPSYTZ, it crumbles to dust.
The scroll dissolves into smoke.
It was a scroll of fog.
As you read the scroll labeled OTUNUW WOUHIJO, it crumbles to dust.
It is a scroll of identify.
g - a potion of degeneration
Okay, then.
You aren't carrying any items that you can evoke.
Unknown command.
You barely miss the worm. You hit the worm but do no damage.
Your unstable footing causes you to fumble your attack.
The worm bites you.
* * * LOW HITPOINT WARNING * * *
Your unstable footing causes you to fumble your attack.
You are feeling hungry.
You hit the worm but do no damage. The worm barely misses you.
You hit the worm but do no damage.
The worm splashes around in the water.
The worm bites you.
You die...

+.......w....#####
#######......# *
*, , #......######
* * #...........#
* *
*,#......####.# ,
* #########≈≈....#
#§§§≈≈≈r#≈≈≈)..#
##w#######w#....#
,
#@w§§≈†≈≈#w≈≈...#
* **
*########≈#≈#≈...#
#≈≈≈≈≈#≈≈≈≈..#
S≈≈≈#≈#≈#≈#≈...#
## *#≈#≈#≈#≈...#
∩≈ ≈≈#≈w≈#....# *
## #####...## ##


You could see 2 worms.

Vanquished Creatures
  4 adders (D:3)
  A river rat (D:3)
  An orc (D:3)
  4 bats
  A giant cockroach (D:3)
  2 goblins
  A hobgoblin (D:1)
  2 kobolds
  2 rats
18 creatures vanquished.

Notes
Turn   | Place    | Note
-------+----------+-------------------------------------------
     0 | D:1      | letownia2 the Deep Dwarf Necromancer began the quest for the Orb.
     0 | D:1      | Reached XP level 1. HP: 15/15 MP: 3/3
   263 | D:2      | Found an iron altar of Okawaru.
   321 | D:2      | Noticed a hand axe
   322 | D:2      | Noticed a dagger
   323 | D:2      | Found a hide-covered altar of Uskayaw.
   353 | D:3      | Reached XP level 2. HP: 19/22 MP: 3/5
   399 | D:3      | Reached skill level 5 in Necromancy
   462 | D:3      | Reached XP level 3. HP: 20/28 MP: 3/6
   556 | D:3      | Found a sacrificial altar of Ru.
   649 | D:3      | Learned a level 3 spell: Vampiric Draining
   786 | D:3      | Slain by a worm

Skill      XL: |  1  2 |
---------------+-------+-----
Spellcasting   | 2 |  2.4
Necromancy     | 5 |  5.6
Dodging        | |  2.1
Stealth        | |  2.4

Action                   || total
-------------------------++-------
Melee: Unarmed           ||     2
       Dagger            ||    29
 Cast: Pain              ||    35
       Vampiric Draining ||     3
  Use: Scroll            ||     2
 Stab: Sleeping          ||     1
Armor: Robe              ||     6
       Leather armour    ||     4
Dodge: Dodged            ||    44
